 Dungeon Crawl Stone Soup version 0.29.0-4-gdea44cf6ec (webtiles) character file.

Game seed: 7576060225792767710

37 qw the Chopper (level 3, 0/21 HPs)
             Began as a Tengu Warper on Aug 28, 2022.
             Succumbed to their own poison gas
             ... on level 1 of the Dungeon.
             The game lasted 00:00:07 (1448 turns).

qw the Chopper (Tengu Warper)                       Turns: 1448, Time: 00:00:08

Health: 0/21       AC:  9    Str: 13    XL:     3   Next: 39%
Magic:  7/7        EV:  6    Int: 13    God:
Gold:   18         SH:  0    Dex: 13    Spells: 6/6 levels left

rFire   . . .      SeeInvis .   Y - +0 hand axe
rCold   . . .      Faith    .   (no shield)
rNeg    . . .      Spirit   .   g - +0 chain mail
rPois   .          Reflect  .   (helmet restricted)
rElec   .          Harm     .   (no cloak)
rCorr   .          Rampage  .   h - +0 pair of gloves
Will    .....                   (boots unavailable)
Stlth   ..........              (no amulet)
HPRegen 0.07/turn               (no ring)
MPRegen 0.10/turn               (no ring)

@: lethally poisoned (0 -> -5), weak-willed
A: beak, talons 3
a: no special abilities


You were on level 1 of the Dungeon.
You visited 1 branch of the dungeon, and saw 1 of its levels.

You collected 18 gold pieces.


Innate Abilities, Weirdness & Mutations

You have a beak for a mouth.
You have claws for feet.


   Skills:
 - Level 2.0 Fighting
 + Level 4.1 Axes
 - Level 1.0 Throwing
 - Level 1.1 Armour
 - Level 2.1 Dodging
 - Level 2.0 Spellcasting
 - Level 2.4 Translocations


You had 6 spell levels left.
You didn't know any spells.
Your spell library contained the following spells:

 Spells                   Type           Power      Damage    Failure   Level
 Blink                    Tloc           14%        N/A       99%         2
 Gell's Gravitas          Tloc           7%         N/A       100%        3
 Lesser Beckoning         Tloc           7%         N/A       100%        3
 Teleport Other           Tloc           7%         N/A       100%        3
 Manifold Assault         Tloc           7%         N/A       100%        5

Inventory:

Hand Weapons
 m - a +0 whip
 Y - a +0 hand axe (weapon)
Armour
 g - a +0 chain mail (worn)
 h - a +0 pair of gloves (worn)
Potions
 i - a potion of haste {unknown}
 l - a potion of ambrosia {unknown}

Dungeon Overview and Level Annotations

Branches:
Dungeon (1/15)

Altars:

Shops:
D:1 *


Message History

Your hearing returns.
Done waiting.
Partly explored, can't reach some places.
1435 ||| READING scroll labelled VUIFACIZYE.
As you read the scroll labelled VUIFACIZYE, it crumbles to dust.
Magic quickly surges around you.
It was a scroll of vulnerability.
Partly explored, can't reach some places.
1436 ||| READING scroll labelled KERATHYAKI.
As you read the scroll labelled KERATHYAKI, it crumbles to dust.
You feel strangely unstable.
It was a scroll of teleportation.
You start waiting.
Your surroundings suddenly seem different.
Partly explored, can't reach some places.
1441 ||| READING scroll labelled PAR PODIGREOR.
The air fills with toxic fumes!
As you read the scroll labelled PAR PODIGREOR, it crumbles to dust.
It was a scroll of poison.
Partly explored, can't reach some places.
1442 ||| DROPPING scroll of blinking.
You drop a scroll of blinking.
Partly explored, can't reach some places.
(D) Dungeon
Where to? (* - list waypoints, ? - help)
What level of the Dungeon? (default 1, ? - help) Sorry, I don't know how to get there.
Partly explored, can't reach some places.
1443 ||| Stepping randomly (stuck).
Really walk into that cloud of poison gas?
You are engulfed in poison gas.
You are poisoned.
You feel very sick.
1444 ||| Stepping ~*~*~tactically~*~*~ (cloud).
You feel very sick.
You see here a scroll of blinking.
There is a lethal amount of poison in your body!
You feel sick.
There is a lethal amount of poison in your body!
You feel sick.
There is a lethal amount of poison in your body!
You feel sick.
There is a lethal amount of poison in your body!
You die...

.#+#'######.#7.7#....¤~...)#8.#..
.#.#.# #.#7.7#..........'.....
.#.#.# #.#77.'..........'.%...
.....# #'#####..........'.....
.##..# #.....#....~~....#8.#.#
.###.### #..<..#..........####.#
.# #...####.....#...~~~~...# #.#
####.#...¤################## ##>#
........#¤¤¤¤00¤@¤¤¤¤¤0¤..####..#
..##.##.###¤¤¤¤¤¤¤¤¤¤0¤0.........
.....##.# #0¤¤00¤¤¤¤¤¤##..#.#....
#.#..##.# #¤0¤¤0¤0¤¤0¤###...#....
#.#..##.# #¤0¤¤¤¤0¤0¤¤# #.#>'....
.....##.# #0¤0¤¤¤00¤00###.###....
..#..##.###¤0¤¤¤¤000¤00¤..# #....
..........¤¤¤¤¤0¤0¤¤¤####.# #....
.....##............### #.# #....


There were no monsters in sight!

Vanquished Creatures
  A dart slug (D:1)
  A ball python (D:1)
  3 endoplasms (D:1)
  A giant cockroach (D:1)
  A goblin (D:1)
  4 hobgoblins (D:1)
  2 jackals (D:1)
  3 quokkas (D:1)
  3 bats (D:1)
  4 frilled lizards (D:1)
  6 kobolds (D:1)
  4 rats (D:1)
33 creatures vanquished.

Vanquished Creatures (others)
  7 plants (D:1)
7 creatures vanquished.

Grand Total: 40 creatures vanquished

Notes
Turn   | Place    | Note
-------+----------+-------------------------------------------
     0 | D:1      | qw the Tengu Warper began the quest for the Orb.
     0 | D:1      | Reached XP level 1. HP: 12/12 MP: 4/4
     0 | D:1      | 0 ||| qw: Version: 0.1-a-89-g26bdef1
     0 | D:1      | 0 ||| qw: Game counter: 1318
     0 | D:1      | 0 ||| qw: Always use a shield: true
     0 | D:1      | 0 ||| qw: God list: Okawaru
     0 | D:1      | 0 ||| qw: Allow faded altars: false
     0 | D:1      | 0 ||| qw: Do Orc after D:15 true
     0 | D:1      | 0 ||| qw: Do second Lair branch before Depths: true
     0 | D:1      | 0 ||| qw: Lair rune preference: random
     0 | D:1      | 0 ||| qw: Plans: Normal
     0 | D:1      | 0 ||| PLANNING D:1-11
    77 | D:1      | 77 ||| Stepping ~*~*~tactically~*~*~ (stealth).
   124 | D:1      | 124 ||| Stepping ~*~*~tactically~*~*~ (stealth).
   128 | D:1      | Reached skill level 3 in Axes
   128 | D:1      | Reached XP level 2. HP: 17/17 MP: 6/6
   181 | D:1      | Found Tiheik's Assorted Antiques.
   193 | D:1      | 193 ||| SHOPLISTING mace (81 gold, have 9).
   193 | D:1      | 193 ||| SHOPLISTING orange potion (24 gold, have 9).
   193 | D:1      | 193 ||| SHOPLISTING pair of gloves (121 gold, have 9).
   193 | D:1      | 193 ||| SHOPLISTING ring mail (108 gold, have 9).
   193 | D:1      | 193 ||| SHOPLISTING scroll labelled WEULOUSIPN (27 gold,
                  | have 9).
   193 | D:1      | 193 ||| SHOPLISTING silvery potion (24 gold, have 9).
   533 | D:1      | 533 ||| Stepping ~*~*~tactically~*~*~ (stealth).
   540 | D:1      | 540 ||| Stepping ~*~*~tactically~*~*~ (stealth).
   615 | D:1      | Reached XP level 3. HP: 21/21 MP: 7/7
   632 | D:1      | 632 ||| Stepping ~*~*~tactically~*~*~ (stealth).
   634 | D:1      | 634 ||| Stepping ~*~*~tactically~*~*~ (stealth).
  1127 | D:1      | 1127 ||| Stepping ~*~*~tactically~*~*~ (stealth).
  1130 | D:1      | 1130 ||| Stepping ~*~*~tactically~*~*~ (stealth).
  1135 | D:1      | Reached skill level 4 in Axes
  1255 | D:1      | 1255 ||| Stepping ~*~*~tactically~*~*~ (stealth).
  1305 | D:1      | 1305 ||| DROPPING +0 club.
  1318 | D:1      | 1318 ||| UPGRADING to +0 chain mail.
  1328 | D:1      | 1328 ||| DROPPING +0 leather armour.
  1329 | D:1      | 1329 ||| UPGRADING to +0 pair of gloves.
  1334 | D:1      | 1334 ||| READING scroll labelled OPSIL BERI.
  1435 | D:1      | 1435 ||| READING scroll labelled VUIFACIZYE.
  1436 | D:1      | 1436 ||| READING scroll labelled KERATHYAKI.
  1441 | D:1      | 1441 ||| READING scroll labelled PAR PODIGREOR.
  1442 | D:1      | 1442 ||| DROPPING scroll of blinking.
  1443 | D:1      | 1443 ||| Stepping randomly (stuck).
  1444 | D:1      | 1444 ||| Stepping ~*~*~tactically~*~*~ (cloud).
  1445 | D:1      | HP: 5/21 [poisoned by you (poison gas)]
  1447 | D:1      | HP: 1/21 [poisoned by you (poison gas)]
  1448 | D:1      | Succumbed to their own poison gas

Levels and vault maps discovered:
D:1:      scummos_arrival_gate, layout_basic, serial_shops,
          nicolae_shop_overgrown_old_shop, lexackson_kobold_supper

Skill      XL: |  1  2  3 |
---------------+----------+-----
Axes           | 3 4 |  4.1
Fighting       | |  2.0
Throwing       | |  1.0
Armour         | |  1.1
Dodging        | |  2.1
Spellcasting   | |  2.0
Translocations | |  2.4

Action                   || total
-------------------------++-------
Melee: Hand axe          ||    76
       Kick              ||    12
       Peck              ||     9
Throw: Boomerang         ||     7
  Use: Scroll            ||     4
Armor: Leather armour    ||    11
Dodge: Dodged            ||    40

Table legend:
 A = Non-vault XP
 B = Vault XP
 C = Vault XP percentage of total XP
 D = Non-vault monster count
 E = Vault monster count
 F = Vault count percentage of total count
                 A         B        C        D         E       F
            +---------+---------+-------+---------+---------+-------
      Total |      44 |       9 |  17.0 |      25 |       8 |  24.2
            +---------+---------+-------+---------+---------+-------
        D:1 |      44 |       9 |  17.0 |      25 |       8 |  24.2
            +---------+---------+-------+---------+---------+-------
